 Dungeon Crawl Stone Soup version 0.28-a0-872-g80cf8599ee (webtiles) character file.

Game seed: 1011943737344796227

443 lorenzova the Magician (level 6, -1/32 HPs)
             Began as a Deep Elf Conjurer on Nov 20, 2021.
             Slain by an iguana (11 damage)
             ... on level 4 of the Dungeon.
             The game lasted 00:06:03 (4054 turns).

lorenzova the Magician (Deep Elf Conjurer)          Turns: 4054, Time: 00:06:03

Health: -1/32      AC:  2    Str:  4    XL:     6   Next: 71%
Magic:  5/18       EV: 12    Int: 25    God:
Gold:   153        SH:  0    Dex: 13    Spells: 16/19 levels left

rFire   . . .      SeeInvis .   (no weapon)
rCold   . . .      Faith    .   (no shield)
rNeg    . . .      Spirit   .   a - +0 robe
rPois   .          Reflect  .   (no helmet)
rElec   .          Harm     .   (no cloak)
rCorr   .          Rampage  .   (no gloves)
Will    .....                   (no boots)
Stlth   ++........              (no amulet)
HPRegen 0.10/turn               (no ring)
MPRegen 0.16/turn               (no ring)

@: no status effects
A: no striking features
a: no special abilities


You were on level 4 of the Dungeon.
You visited 1 branch of the dungeon, and saw 4 of its levels.

You collected 153 gold pieces.

Inventory:

Armour
 a - a +0 robe (worn)
 k - the +1 ring mail of Ythrodor {rF- Str+2 Dex+5}
   (You found it on level 3 of the Dungeon)

   Str:       It affects your strength (+2).
   Dex:       It affects your dexterity (+5).
   rF:        It makes you vulnerable to fire.
Magical Staves
 g - a staff of earth
Wands
 e - a wand of flame (27)
Scrolls
 b - a scroll of teleportation {unknown}
 c - a scroll of vulnerability {unknown}
 f - a scroll of noise {unknown}
 i - a scroll of identify {unknown}
Potions
 d - a potion of haste {unknown}
 h - a potion of berserk rage {unknown}
 j - a potion of attraction {unknown}


   Skills:
 - Level 2.4 Dodging
 - Level 2.4 Stealth
 + Level 7.1 Spellcasting
 + Level 7.0 Conjurations


You had 16 spell levels left.
You knew the following spells:

 Your Spells              Type           Power      Damage    Failure   Level
a - Magic Dart            Conj           100%       1d8       1%          1
b - Searing Ray           Conj           88%        2d7       1%          2

Your spell library contained the following spells:

 Spells                   Type           Power      Damage    Failure   Level
 Dazzling Flash           Conj/Hex       52%        N/A       4%          3
 Fulminant Prism          Conj/Hex       13%        3d9       16%         4
 Iskenderun's Mystic Bla  Conj/Tloc      26%        2d7       16%         4
 Gell's Gravitas          Tloc           8%         N/A       21%         3
 Inner Flame              Hex/Fire       8%         N/A       21%         3
 Teleport Other           Tloc           8%         N/A       21%         3
 Cause Fear               Hex            4%         N/A       54%         4
 Dispersal                Tloc           4%         N/A       100%        6
 Discord                  Hex            4%         N/A       100%        8


Dungeon Overview and Level Annotations

Branches:
Dungeon (4/15)
 Temple: D:4-7

Altars:

Shops:
D:1 *   D:2 !


Message History

The searing ray hits Ijyb.
Ijyb is almost dead.
The searing ray misses Ijyb.
You finish channelling your searing ray.
Ijyb screams, "Level is mine!
All mine!"
Ijyb hits you with a +0 club!
Casting: Searing Ray (safe; 1% risk of failure)
Confirm with . or Enter, or press ? or * to list all spells.
Aiming: Searing Ray (safe; 1% risk of failure)
Press: ? - help, Shift-Dir - straight line, f/p - Ijyb
Aim: Ijyb, wielding a +0 club, wearing a +0 leather armour and carrying a wand of iceblast (7) (almost dead, 77% to hit)
The searing ray hits Ijyb!
You kill Ijyb! (Press . to maintain the ray.)
An endoplasm comes into view.
Your Conjurations skill increases to level 7!
The endoplasm hits you but does no damage.
There is a stone staircase leading up here.
Things that are here:
a +0 club; a +0 hunting sling; 24 stones
Casting: Searing Ray (safe; 1% risk of failure)
Confirm with . or Enter, or press ? or * to list all spells.
Aiming: Searing Ray (safe; 1% risk of failure)
Press: ? - help, Shift-Dir - straight line, f - endoplasm
Aim: an endoplasm (98% to hit)
The searing ray hits the endoplasm!
You kill the endoplasm!
The searing ray hits the iguana.
The iguana is lightly wounded. (Press . to maintain the ray.)
The searing ray hits the iguana.
The iguana is heavily wounded.
A dart slug comes into view.
The searing ray hits the iguana.
The iguana is severely wounded.
The iguana bites you!
The searing ray misses the iguana.
You finish channelling your searing ray.
The iguana bites you!
You die...

##.#.#.#.# #......#.#
#.≈≈≈..#.#
#.########.≈$≈..#..
#........)†≈≈≈..#.###
####.#w##.......#...
#.##.###.#.#.###.#
#l##.#.#..........
#@##...#..S###$###
#......#...# ...
#########.S# <#.#
..>. .#.# ....#. S# .
.....#...# ......#
###


You could see an iguana and a dart slug.

Vanquished Creatures
  The ghost of t4s4d4r the Insei, an amateur DgTm (D:3)
  2 kobold brigands (D:3)
  Ijyb (D:4)
  Robin (D:2)
  3 gnolls (D:3)
  6 adders
  2 dart slugs
  An orc (D:3)
  7 endoplasms
  4 giant cockroaches
  17 goblins
  12 hobgoblins
  4 jackals (D:1)
  4 quokkas
  5 ball pythons
  4 bats
  A frilled lizard (D:1)
  14 kobolds
  4 rats
93 creatures vanquished.

Notes
Turn   | Place    | Note
-------+----------+-------------------------------------------
     0 | D:1      | lorenzova the Deep Elf Conjurer began the quest for the
                  | Orb.
     0 | D:1      | Reached XP level 1. HP: 10/10 MP: 6/6
   116 | D:1      | Reached XP level 2. HP: 15/15 MP: 4/8
   119 | D:1      | Learned a level 2 spell: Searing Ray
   374 | D:1      | Found Riurur's General Store.
   605 | D:1      | Found a faded altar of an unknown god.
   854 | D:1      | Reached skill level 5 in Conjurations
   859 | D:1      | Reached XP level 3. HP: 19/19 MP: 4/10
  1017 | D:1      | You fall into a shaft and drop 1 floor!
  1071 | D:2      | Found Kaserel's Distillery.
  1936 | D:2      | Reached XP level 4. HP: 24/24 MP: 8/12
  1950 | D:2      | Noticed Robin
  1953 | D:2      | Killed Robin
  2438 | D:2      | Reached skill level 5 in Spellcasting
  2776 | D:3      | Reached XP level 5. HP: 28/28 MP: 11/14
  3280 | D:3      | Reached XP level 6. HP: 19/32 MP: 6/17
  3433 | D:3      | Found a runed translucent door.
  3436 | D:3      | Noticed t4s4d4r's ghost (amateur DgTm)
  3704 | D:3      | Killed t4s4d4r's ghost
  3942 | D:3      | Identified the +1 ring mail of Ythrodor {rF- Str+2 Dex+5}
  4010 | D:4      | Noticed Ijyb
  4045 | D:4      | Killed Ijyb
  4054 | D:4      | Slain by an iguana

Illustrated notes

Levels and vault maps discovered:
D:1:      mrwooster_arrival_statue_3, layout_rooms, basic_ecumenical_altar,
          serial_shops, nicolae_shop_advertising_works
          [nicolae_subvault_shop_adworks]
D:2:      layout_loops_corners, serial_shops,
          nicolae_shop_competitors_out_of_business, uniq_robin
D:3:      cheibrodos_thug_alley, layout_rooms, ebering_ghost_sewer_d,
          minmay_cut_off
D:4:      kennysheep_slugbush, layout_basic, kennysheep_mini,
          ebering_ghost_reflecting_pool, corexii_item_surrounded_by_moat,
          minmay_distorted, uniq_ijyb, uniq_grinder

Skill      XL: |  1  2  3  4  5  6 |
---------------+-------------------+-----
Spellcasting   | 4 5 6 7 |  7.1
Conjurations   | 5 6 7 |  7.0
Dodging        | |  2.4
Stealth        | |  2.4

Action                   |  1- 3 |  4- 6 || total
-------------------------+-------+-------++-------
 Cast: Magic Dart        |    85 |    63 ||   148
       Searing Ray       |     1 |    12 ||    13
Armor: Robe              |       |     3 ||     3
Dodge: Dodged            |     4 |     7 ||    11

Table legend: (Time is in decaauts)
 A = Elapsed time spent in this place.
 B = Non-inter-level travel time spent in this place.
 C = Inter-level travel time spent in this place.
 D = Time resting spent in this place.
 E = Time spent auto-exploring this place.
 F = Levels seen in this place.
 G = Mean time per level.
                   A        B        C        D        E       F      G
               +--------+--------+--------+--------+--------+-----+--------+
         Total |   4066 |   4006 |     60 |   2077 |   1490 |   4 | 1016.5 |
       Dungeon |   4066 |   4006 |     60 |   2077 |   1490 |   4 | 1016.5 |
               +--------+--------+--------+--------+--------+-----+--------+

Top non-repeatable levels by time:
     D:2: 1590 daAuts
     D:3: 1389 daAuts
     D:1: 1017 daAuts
     D:4: 68 daAuts
